 Dungeon Crawl Stone Soup version 0.32-a0-818-gb728d02 (webtiles) character file.

Game seed: 7303872282103509305

4 Dorkslayer the Shield-Bearer (level 1, -1/16 HPs)
             Began as an Octopode Fighter on Mar 23, 2024.
             Slain by a quokka (3 damage)
             ... on level 1 of the Dungeon.
             The game lasted 00:00:51 (172 turns).

Dorkslayer the Shield-Bearer (Octopode Fighter)      Turns: 172, Time: 00:00:51

Health: -1/16      AC:  1    Str: 15    XL:     1   Next: 70%
Magic:  1/1        EV: 12    Int: 10    God:
Gold:   12         SH:  4    Dex: 11    Spells: 0/0 levels left

rFire   . . .        a - +0 war axe
rCold   . . .        b - +0 buckler
rNeg    . . .        (helmet restricted)
rPois   .            (no amulet)
rElec   .            (no ring)
rCorr   .            (no ring)
SInv    .            (no ring)
Will    .....        (no ring)
Stlth   ++           (no ring)
HPRegen 0.22/turn    (no ring)
MPRegen 0.07/turn    (no ring)
                     (no ring)

%: no passive effects
@: no status effects
A: almost no armour, amphibious, 8 rings, camouflage 1, gelatinous body 1,
(nimble swimmer 1), tentacles
a: no special abilities


You were on level 1 of the Dungeon.
You visited 1 branch of the dungeon, and saw 1 of its levels.

You collected 12 gold pieces.

Inventory:

Hand Weapons
 a - a +0 war axe (weapon)
Armour
 b - a +0 buckler (worn)
Scrolls
 d - a scroll of noise {unknown}
 e - a scroll of identify {unknown}
Potions
 c - a potion of might
 f - 2 potions of cancellation {unknown}


   Skills:
 + Level 3.1 Fighting
 + Level 2.0 Axes
 + Level 3.0 Dodging
 + Level 3.2 Shields


You couldn't memorise any spells.
You didn't know any spells.
Your spell library was empty.

Dungeon Overview and Level Annotations

Branches:
Dungeon (1/15)

Altars:


Innate Abilities, Weirdness & Mutations

You cannot wear most types of armour.
You are amphibious.
You can wear up to eight rings at the same time.
Your skin changes colour to match your surroundings (Stealth+).
Your rubbery body absorbs attacks. (AC +1, EV +1)
((You are camouflaged when in or above water. (Stealth+)))
You have tentacles for arms and can constrict up to eight enemies at once.


Message History

The helpless giant cockroach fails to defend itself.
You slash the giant cockroach!
You kill the giant cockroach!
You see here a giant cockroach corpse.
You see here a giant cockroach corpse.
d - a scroll labelled ISEEQI TEPRO A rat comes into view.
The rat squeaks loudly.
The rat bites you.
You slash the rat!
You kill the rat!
An endoplasm comes into view.
The endoplasm completely misses you.
You see here a rat corpse.
You barely miss the endoplasm. You squeeze the endoplasm.
The endoplasm is severely wounded.
The endoplasm freezes you.
You are frozen.
You hit the endoplasm.
You kill the endoplasm!
HP restored.
e - a scroll labelled CYILOU BATOR
Found a short sword and a whip.
Found 2 ruby potions.
f - 2 ruby potions A quokka comes into view.
A giant cockroach comes into view.
The giant cockroach bites you. The giant cockroach bites you.
You slash the giant cockroach!
You kill the giant cockroach!
You closely miss the quokka.
The quokka twitches its whiskers.
The quokka bites you. x2
The quokka bites you. x2
* * * LOW HITPOINT WARNING * * *
You closely miss the quokka. You grab the quokka.
You squeeze the quokka, but do no damage.
You constrict the quokka. The quokka bites you.
You die...

.######.#### #...#
#...# #...#
#...###### ##
#.).##... ..
####.).##.##.#.##
..................
.........r@...#..
..................
#####.#.#####.....
...#.. .#.#
#.##### # . #. #


You could see a quokka.

Vanquished Creatures
  An endoplasm (D:1)
  2 giant cockroaches (D:1)
  A rat (D:1)
4 creatures vanquished.

Notes
Turn   | Place    | Note
-------+----------+-------------------------------------------
     0 | D:1      | Dorkslayer the Octopode Fighter began the quest for the
                  | Orb.
     0 | D:1      | Reached XP level 1. HP: 16/16 MP: 1/1
   172 | D:1      | Slain by a quokka

Illustrated notes

Levels and vault maps discovered:
D:1:      hellmonk_arrival_library, layout_loops_cross,
          nicolae_concentric_dashed_squares_mild

Action                     || total
---------------------------++-------
  Melee: War axe           ||     6
         Tentacles         ||     2
         Constrict         ||     1
   Stab: Sleeping          ||     1
 Armour: Skin              ||     8
  Dodge: Dodged            ||     1

Table legend: (Time is in decaauts)
 A = Elapsed time spent in this place.
 B = Non-inter-level travel time spent in this place.
 C = Inter-level travel time spent in this place.
 D = Time resting spent in this place.
 E = Time spent auto-exploring this place.
 F = Levels seen in this place.
 G = Mean time per level.
                   A        B        C        D        E       F      G
               +--------+--------+--------+--------+--------+-----+--------+
         Total |    174 |    174 |      0 |      0 |    106 |   1 |  174.0 |
       Dungeon |    174 |    174 |      0 |      0 |    106 |   1 |  174.0 |
               +--------+--------+--------+--------+--------+-----+--------+

Top non-repeatable levels by time:
     D:1: 174 daAuts
